TOP OF THE 1ST |
Milwaukee (NYP) Brewers batting - Pitching for Hillsboro Hops : LHP Haunani Moritiica
|
Pitching: LHP Haunani Moritiica
|
|
Batting: RHB Brian Landrum
|
0-0: Ball 1-0: Ball 2-0: Called Strike 2-1: Swinging Strike 2-2: Foul Ball, location: 2F 2-2: Foul Ball, location: 2F 2-2: Ball 3-2: Base on Balls
|
Batting: LHB Paul Collins
|
0-0: Ball 1-0: Called Strike 1-1: Swinging Strike 1-2: Foul Ball, location: 2F 1-2: DOUBLE (Line Drive, 78D, EV 106.9 MPH) Brian Landrum to third
|
Batting: LHB Alfredo de la Cruz
|
0-0: SINGLE (Flyball, 78M, EV 89.4 MPH) Brian Landrum scores Paul Collins to third
|
Batting: RHB Skyler Goss
|
0-0: Ball 1-0: Ball 2-0: Called Strike 2-1: Ball 3-1: Base on Balls Alfredo de la Cruz to second
|
Batting: SHB Mitchell Greene
|
0-0: Swinging Strike 0-1: Foul Ball, location: 2F 0-2: Foul Ball, location: 2F 0-2: Ball Wild Pitch! Paul Collins scores Alfredo de la Cruz to third Skyler Goss to second 1-2: Foul Ball, location: 2F 1-2: Fly out, F6 (Popup, 6S, EV 64.4 MPH)
|
Batting: RHB Brad Wren
|
0-0: Ball 1-0: Called Strike 1-1: Foul Ball, location: 2F 1-2: Foul Ball, location: 2F 1-2: SINGLE (Groundball, 6MD, EV 106.3 MPH) Alfredo de la Cruz scores Skyler Goss to third
|
Batting: SHB Adam Slade
|
0-0: Grounds into double play, 5-4-3 (Groundball, 56, EV 105.6 MPH)
|
Top of the 1st over - 3 runs, 3 hits, 0 errors, 1 left on base; Milwaukee (NYP) 3 - Hillsboro 0 |
BOTTOM OF THE 1ST |
Hillsboro Hops batting - Pitching for Milwaukee (NYP) Brewers : RHP Eddie Becerra
|
Pitching: RHP Eddie Becerra
|
|
Batting: RHB Yasuo Nakata
|
0-0: SINGLE (Groundball, 3D, EV 96.9 MPH)
|
Batting: RHB Brandon Joshua
|
Pickoff Throw to First - Out! 1-3 0-0: Ball 1-0: Fly out, F8 (Flyball, 78D, EV 103.1 MPH)
|
Batting: RHB Larry Hardman
|
0-0: Ball 1-0: Swinging Strike 1-1: Ball 2-1: Swinging Strike 2-2: Ball 3-2: Foul Ball, location: 2F 3-2: Strikes out swinging
|
Bottom of the 1st over - 0 runs, 1 hit, 0 errors, 0 left on base; Milwaukee (NYP) 3 - Hillsboro 0 |
TOP OF THE 2ND |
Milwaukee (NYP) Brewers batting - Pitching for Hillsboro Hops : LHP Haunani Moritiica
|
Batting: RHB Derek Halliwill
|
0-0: TRIPLE (Line Drive, 78XD, EV 112.5 MPH)
|
Pinch Runner at 3rd Bobby McCann:
|
|
Batting: LHB Aaron Mobley
|
0-0: Ball 1-0: Swinging Strike 1-1: TRIPLE (Flyball, 9LD, EV 108.1 MPH) Bobby McCann scores
|
Batting: RHB Brian Landrum
|
0-0: Ball 1-0: Ground out 6-3 (Groundball, 56, EV 85.0 MPH) Aaron Mobley scores
|
Batting: LHB Paul Collins
|
0-0: Ball 1-0: Called Strike 1-1: Swinging Strike 1-2: Strikes out looking
|
Batting: LHB Alfredo de la Cruz
|
0-0: SINGLE (Flyball, 6MD, EV 91.3 MPH)
|
Batting: RHB Skyler Goss
|
0-0: Called Strike 0-1: Ball 1-1: Called Strike Alfredo de la Cruz steals 2nd base 1-2: Foul Ball, location: 2F 1-2: Ball 2-2: TRIPLE (Flyball, 78XD, EV 104.4 MPH) Alfredo de la Cruz scores
|
Pitching: RHP Josh Halvorson
|
|
Batting: SHB Mitchell Greene
|
0-0: Ball 1-0: Fly out, F9 (Flyball, 9LD, EV 84.4 MPH)
|
Top of the 2nd over - 3 runs, 4 hits, 0 errors, 1 left on base; Milwaukee (NYP) 6 - Hillsboro 0 |
BOTTOM OF THE 2ND |
Hillsboro Hops batting - Pitching for Milwaukee (NYP) Brewers : RHP Eddie Becerra
|
Now in CF: Bobby McCann
|
|
Batting: RHB Chris Bittner
|
0-0: Called Strike 0-1: Ball 1-1: Ground out 5-3 (Groundball, 56S, EV 82.5 MPH)
|
Batting: RHB Jeremy Coffey
|
0-0: Fly out, F7 (Flyball, 78M, EV 86.9 MPH)
|
Batting: LHB Andy Wilmoth
|
0-0: Called Strike 0-1: Foul Ball, location: 2F 0-2: DOUBLE (Line Drive, 5D, EV 107.5 MPH)
|
Batting: RHB Jeremy Adams
|
0-0: Ball 1-0: Ground out U3 (Groundball, 13, EV 80.6 MPH)
|
Bottom of the 2nd over - 0 runs, 1 hit, 0 errors, 1 left on base; Milwaukee (NYP) 6 - Hillsboro 0 |
TOP OF THE 3RD |
Milwaukee (NYP) Brewers batting - Pitching for Hillsboro Hops : RHP Josh Halvorson
|
Batting: RHB Brad Wren
|
0-0: Ball 1-0: Ground out 6-3 (Groundball, 6, EV 103.1 MPH)
|
Batting: SHB Adam Slade
|
0-0: Ball 1-0: Ball 2-0: Hit by Pitch
|
Batting: RHB Bobby McCann
|
0-0: Called Strike 0-1: Fly out, F8 (Line Drive, 8RM, EV 88.1 MPH)
|
Batting: LHB Aaron Mobley
|
0-0: Ball 1-0: Called Strike 1-1: Called Strike Adam Slade steals 2nd base 1-2: Strikes out swinging
|
Top of the 3rd over - 0 runs, 0 hits, 0 errors, 1 left on base; Milwaukee (NYP) 6 - Hillsboro 0 |
BOTTOM OF THE 3RD |
Hillsboro Hops batting - Pitching for Milwaukee (NYP) Brewers : RHP Eddie Becerra
|
Batting: RHB Bryan Shuller
|
0-0: Called Strike 0-1: Ball 1-1: Called Strike 1-2: Ball 2-2: Ball 3-2: Base on Balls
|
Batting: RHB Trevor Corey
|
0-0: Hit by Pitch Bryan Shuller to second
|
Batting: RHB Yasuo Nakata
|
0-0: Ball 1-0: Ball 2-0: Ball 3-0: Called Strike 3-1: Base on Balls Bryan Shuller to third Trevor Corey to second
|
Batting: RHB Brandon Joshua
|
0-0: Called Strike 0-1: Ball Wild Pitch! Bryan Shuller scores Trevor Corey to third Yasuo Nakata to second 1-1: Foul Ball, location: 2F 1-2: Foul Ball, location: 2F 1-2: Ball 2-2: SINGLE (Groundball, 6MD, EV 94.4 MPH) Trevor Corey scores Yasuo Nakata to third
|
Batting: RHB Larry Hardman
|
0-0: Called Strike Brandon Joshua is caught stealing 2nd base 2-4 0-1: Ball 1-1: Swinging Strike 1-2: Ball 2-2: Strikes out swinging
|
Batting: RHB Chris Bittner
|
0-0: Called Strike 0-1: Called Strike 0-2: Strikes out swinging
|
Bottom of the 3rd over - 2 runs, 1 hit, 0 errors, 1 left on base; Milwaukee (NYP) 6 - Hillsboro 2 |
TOP OF THE 4TH |
Milwaukee (NYP) Brewers batting - Pitching for Hillsboro Hops : RHP Josh Halvorson
|
Batting: RHB Brian Landrum
|
0-0: Hit by Pitch
|
Batting: LHB Paul Collins
|
0-0: Called Strike 0-1: Fly out, F4 (Popup, 4, EV 73.8 MPH)
|
Batting: LHB Alfredo de la Cruz
|
0-0: Ball 1-0: Ball 2-0: Ball Wild Pitch! Brian Landrum to second 3-0: Base on Balls
|
Batting: RHB Skyler Goss
|
0-0: Ball 1-0: SINGLE (Groundball, 56D, EV 106.9 MPH) Brian Landrum to third Alfredo de la Cruz to second
|
Batting: SHB Mitchell Greene
|
0-0: Called Strike 0-1: SINGLE (Groundball, 6M, EV 97.5 MPH) Brian Landrum scores Alfredo de la Cruz to third Skyler Goss to second
|
Batting: RHB Brad Wren
|
0-0: Called Strike 0-1: Ball 1-1: Fielders Choice at 2nd, 6-4 (Groundball, 6, EV 86.9 MPH) Alfredo de la Cruz scores Skyler Goss to third
|
Batting: SHB Adam Slade
|
0-0: Ball 1-0: Foul Ball, location: 2F 1-1: Ball 2-1: Called Strike 2-2: Ball 3-2: Base on Balls Brad Wren to second
|
Batting: RHB Bobby McCann
|
0-0: Ball 1-0: Ball 2-0: Called Strike 2-1: DOUBLE (Line Drive, 89D, EV 103.1 MPH) Skyler Goss scores Brad Wren scores Adam Slade to third
|
Batting: LHB Aaron Mobley
|
0-0: Swinging Strike 0-1: Swinging Strike 0-2: Foul Ball, location: 2F 0-2: Ball 1-2: Ball 2-2: Ball 3-2: Strikes out looking
|
Top of the 4th over - 4 runs, 3 hits, 0 errors, 2 left on base; Milwaukee (NYP) 10 - Hillsboro 2 |
BOTTOM OF THE 4TH |
Hillsboro Hops batting - Pitching for Milwaukee (NYP) Brewers : RHP Eddie Becerra
|
Batting: RHB Jeremy Coffey
|
0-0: SINGLE (Groundball, 6D, EV 103.8 MPH)
|
Batting: LHB Andy Wilmoth
|
0-0: Called Strike 0-1: Fly out, F9 (Flyball, 9LM, EV 93.8 MPH)
|
Batting: RHB Jeremy Adams
|
0-0: Swinging Strike 0-1: Ball 1-1: Swinging Strike 1-2: Ball 2-2: Foul Ball, location: 2F 2-2: Fielders Choice at 2nd, 5-4 (Groundball, 56, EV 90.0 MPH)
|
Batting: RHB Bryan Shuller
|
Balk! Jeremy Adams to second 0-0: Called Strike 0-1: Swinging Strike 0-2: Ball 1-2: Strikes out swinging
|
Bottom of the 4th over - 0 runs, 1 hit, 0 errors, 1 left on base; Milwaukee (NYP) 10 - Hillsboro 2 |
TOP OF THE 5TH |
Milwaukee (NYP) Brewers batting - Pitching for Hillsboro Hops : RHP Josh Halvorson
|
Batting: RHB Brian Landrum
|
0-0: Called Strike 0-1: Ball 1-1: Reached via error on a dropped throw from 1B, E1 (Groundball, 34, EV 78.1 MPH)
|
Batting: LHB Paul Collins
|
0-0: Called Strike 0-1: Fly out, F8 (Flyball, 8LS, EV 92.5 MPH)
|
Batting: LHB Alfredo de la Cruz
|
0-0: Ball 1-0: Ball 2-0: Called Strike 2-1: Ball 3-1: Base on Balls Brian Landrum to second
|
Batting: RHB Skyler Goss
|
Balk! Brian Landrum to third Alfredo de la Cruz to second 0-0: Ball 1-0: Called Strike 1-1: Ball 2-1: Ground out 4-3 (Groundball, 4, EV 89.4 MPH) Brian Landrum scores Alfredo de la Cruz to third
|
Batting: SHB Mitchell Greene
|
0-0: Ball 1-0: Ball 2-0: DOUBLE (Groundball, 5L, EV 94.4 MPH) Alfredo de la Cruz scores
|
Batting: RHB Brad Wren
|
0-0: Foul Ball, location: 2F 0-1: Ball 1-1: Ground out 4-3 (Groundball, 4, EV 110.0 MPH)
|
Top of the 5th over - 2 runs, 1 hit, 1 error, 1 left on base; Milwaukee (NYP) 12 - Hillsboro 2 |
BOTTOM OF THE 5TH |
Hillsboro Hops batting - Pitching for Milwaukee (NYP) Brewers : RHP Eddie Becerra
|
Batting: RHB Trevor Corey
|
0-0: Ground out 1-3 (Groundball, P, EV 67.5 MPH)
|
Batting: RHB Yasuo Nakata
|
0-0: Foul Ball, location: 2F 0-1: SINGLE (Groundball, 34D, EV 102.5 MPH)
|
Batting: RHB Brandon Joshua
|
0-0: Called Strike 0-1: Ball 1-1: Fielders Choice at 2nd, 3-6 (Groundball, 3S, EV 85.0 MPH)
|
Batting: RHB Larry Hardman
|
0-0: Called Strike Brandon Joshua steals 2nd base 0-1: Ball 1-1: Ball 2-1: TRIPLE (Flyball, 89XD, EV 93.1 MPH) Brandon Joshua scores
|
Batting: RHB Chris Bittner
|
0-0: Called Strike 0-1: Ball 1-1: Ball 2-1: Fly out, F8 (Line Drive, 8RD, EV 88.8 MPH)
|
Bottom of the 5th over - 1 run, 2 hits, 0 errors, 1 left on base; Milwaukee (NYP) 12 - Hillsboro 3 |
TOP OF THE 6TH |
Milwaukee (NYP) Brewers batting - Pitching for Hillsboro Hops : RHP Josh Halvorson
|
Batting: SHB Adam Slade
|
0-0: Foul Ball, location: 2F 0-1: Foul Ball, location: 2F 0-2: Ball 1-2: Ground out 6-3 (Groundball, 4MS, EV 84.4 MPH)
|
Pitching: RHP Pat Green
|
|
Batting: RHB Bobby McCann
|
0-0: Ball 1-0: Ball 2-0: Ball 3-0: Called Strike 3-1: Called Strike 3-2: Base on Balls
|
Batting: LHB Aaron Mobley
|
0-0: Ball 1-0: Called Strike 1-1: Called Strike 1-2: Fielders Choice at 2nd, 3-6 (Groundball, 3, EV 107.5 MPH)
|
Batting: RHB Brian Landrum
|
0-0: SINGLE (Groundball, 4MD, EV 101.3 MPH) Aaron Mobley to second
|
Batting: LHB Paul Collins
|
0-0: Foul Ball, location: 2F 0-1: Ball 1-1: Swinging Strike 1-2: Foul Ball, location: 2F 1-2: Ball 2-2: Strikes out looking
|
Top of the 6th over - 0 runs, 1 hit, 0 errors, 2 left on base; Milwaukee (NYP) 12 - Hillsboro 3 |
BOTTOM OF THE 6TH |
Hillsboro Hops batting - Pitching for Milwaukee (NYP) Brewers : RHP Eddie Becerra
|
Batting: RHB Jeremy Coffey
|
0-0: Ball 1-0: Foul Ball, location: 2F 1-1: Swinging Strike 1-2: Ground out 6-3 (Groundball, 6, EV 109.4 MPH)
|
Pitching: RHP Justin Orr
|
|
Batting: LHB Andy Wilmoth
|
0-0: Called Strike 0-1: Ball 1-1: SINGLE (Flyball, 8RS, EV 98.8 MPH)
|
Batting: RHB Jeremy Adams
|
Pickoff Throw to First - Out! 1-3 0-0: Fly out, F8 (Line Drive, 8RD, EV 91.3 MPH)
|
Bottom of the 6th over - 0 runs, 1 hit, 0 errors, 0 left on base; Milwaukee (NYP) 12 - Hillsboro 3 |
TOP OF THE 7TH |
Milwaukee (NYP) Brewers batting - Pitching for Hillsboro Hops : RHP Pat Green
|
Batting: LHB Alfredo de la Cruz
|
0-0: Ground out U3 (Groundball, 34, EV 115.0 MPH)
|
Batting: RHB Skyler Goss
|
0-0: Ball 1-0: Foul Ball, location: 2F 1-1: Foul Ball, location: 2F 1-2: Ball 2-2: Foul Ball, location: 2F 2-2: Ball 3-2: Foul Ball, location: 2F 3-2: Foul Ball, location: 2F 3-2: Foul Ball, location: 2F 3-2: Foul Ball, location: 2F 3-2: Base on Balls
|
Batting: SHB Mitchell Greene
|
0-0: Foul Ball, location: 2F 0-1: Called Strike 0-2: Strikes out swinging
|
Batting: RHB Brad Wren
|
0-0: Ball 1-0: Ball 2-0: Ball 3-0: Foul Ball, location: 2F 3-1: Base on Balls Skyler Goss to second
|
Batting: SHB Adam Slade
|
0-0: Ball 1-0: Ball 2-0: Ball 3-0: Called Strike 3-1: Base on Balls Skyler Goss to third Brad Wren to second
|
Batting: RHB Bobby McCann
|
0-0: Ball 1-0: Ball 2-0: Called Strike 2-1: Fielders Choice at 2nd, 6-4 (Groundball, 6, EV 111.9 MPH)
|
Top of the 7th over - 0 runs, 0 hits, 0 errors, 3 left on base; Milwaukee (NYP) 12 - Hillsboro 3 |
BOTTOM OF THE 7TH |
Hillsboro Hops batting - Pitching for Milwaukee (NYP) Brewers : RHP Justin Orr
|
Now in LF: Alfredo de la Cruz
|
|
Now in RF: Bryant Thies
|
|
Pinch Hitting: RHB Larry Valencia
|
0-0: Called Strike 0-1: Ball 1-1: Fly out, F8 (Flyball, 78D, EV 84.4 MPH)
|
Batting: RHB Trevor Corey
|
0-0: Ground out 5-3 (Groundball, 25, EV 84.4 MPH)
|
Batting: RHB Yasuo Nakata
|
0-0: Ball 1-0: Swinging Strike 1-1: SINGLE (Groundball, 34D, EV 95.6 MPH)
|
Batting: RHB Brandon Joshua
|
0-0: Ball Yasuo Nakata steals 2nd base 1-0: Ball 2-0: Ball 3-0: Called Strike 3-1: Foul Ball, location: 2F 3-2: Ground out 6-3 (Groundball, 56, EV 96.9 MPH)
|
Bottom of the 7th over - 0 runs, 1 hit, 0 errors, 1 left on base; Milwaukee (NYP) 12 - Hillsboro 3 |
TOP OF THE 8TH |
Milwaukee (NYP) Brewers batting - Pitching for Hillsboro Hops : RHP Pat Green
|
Now at 2B: Larry Valencia
|
|
Batting: LHB Aaron Mobley
|
0-0: Called Strike 0-1: Swinging Strike 0-2: Ball 1-2: Ball 2-2: Strikes out swinging
|
Batting: RHB Brian Landrum
|
0-0: Foul Ball, location: 2F 0-1: Ball 1-1: Ball 2-1: Ball 3-1: Reached on error, E2 (Groundball, 13S, EV 67.5 MPH)
|
Pitching: LHP Lothar Klasen
|
|
Batting: RHB Bryant Thies
|
0-0: Fly out, F9 (Flyball, 9S, EV 83.1 MPH)
|
Batting: LHB Alfredo de la Cruz
|
0-0: Ball 1-0: Called Strike 1-1: Fly out, F4 (Popup, 13S, EV 76.3 MPH)
|
Top of the 8th over - 0 runs, 0 hits, 1 error, 1 left on base; Milwaukee (NYP) 12 - Hillsboro 3 |
BOTTOM OF THE 8TH |
Hillsboro Hops batting - Pitching for Milwaukee (NYP) Brewers : RHP Justin Orr
|
Batting: RHB Larry Hardman
|
0-0: Called Strike 0-1: Foul Ball, location: 2F 0-2: Foul Ball, location: 2F 0-2: Fly out, F3 (Popup, 3SF, EV 76.3 MPH)
|
Batting: RHB Chris Bittner
|
0-0: Called Strike 0-1: Foul Ball, location: 2F 0-2: Strikes out swinging
|
Batting: RHB Jeremy Coffey
|
0-0: Foul Ball, location: 2F 0-1: Swinging Strike 0-2: Ball 1-2: Strikes out swinging
|
Bottom of the 8th over - 0 runs, 0 hits, 0 errors, 0 left on base; Milwaukee (NYP) 12 - Hillsboro 3 |
TOP OF THE 9TH |
Milwaukee (NYP) Brewers batting - Pitching for Hillsboro Hops : LHP Lothar Klasen
|
Batting: RHB Skyler Goss
|
0-0: Called Strike 0-1: Called Strike 0-2: Ball 1-2: Ball 2-2: Ground out 5-3 (Groundball, 25, EV 85.0 MPH)
|
Batting: SHB Mitchell Greene
|
0-0: Foul Ball, location: 2F 0-1: Fly out, F8 (Flyball, 8RD, EV 91.9 MPH)
|
Batting: RHB Brad Wren
|
0-0: Called Strike 0-1: Swinging Strike 0-2: Ball 1-2: Foul Ball, location: 2F 1-2: Fly out, F8 (Flyball, 78D, EV 93.1 MPH)
|
Top of the 9th over - 0 runs, 0 hits, 0 errors, 0 left on base; Milwaukee (NYP) 12 - Hillsboro 3 |
BOTTOM OF THE 9TH |
Hillsboro Hops batting - Pitching for Milwaukee (NYP) Brewers : RHP Justin Orr
|
Batting: LHB Andy Wilmoth
|
0-0: Ball 1-0: Foul Ball, location: 2F 1-1: Ball 2-1: Fly out, F2 (Popup, 23F, EV 81.3 MPH)
|
Batting: RHB Jeremy Adams
|
0-0: Ball 1-0: Foul Ball, location: 2F 1-1: Ball 2-1: Ground out U3 (Groundball, 34S, EV 62.5 MPH)
|
Batting: RHB Larry Valencia
|
0-0: Swinging Strike 0-1: Foul Ball, location: 2F 0-2: Foul Ball, location: 2F 0-2: Ball 1-2: Ball 2-2: Foul Ball, location: 2F 2-2: Ball 3-2: Foul Ball, location: 2F 3-2: Foul Ball, location: 2F 3-2: Base on Balls
|
Batting: RHB Trevor Corey
|
0-0: Foul Ball, location: 2F 0-1: Called Strike 0-2: Strikes out swinging
|
Bottom of the 9th over - 0 runs, 0 hits, 0 errors, 1 left on base; Milwaukee (NYP) 12 - Hillsboro 3 |
|